Map: [ESL] Alcyone

Players

Maru - Winner!

  • Race: Terran Terran
  • Spawn Location: 7:00

herO

  • Race: Protoss Protoss
  • Spawn Location: 1:00

Event: ESL Spring 2024 Finals

VOD

Have the link to the VOD?

Description

Time

  • Played on: June 1, 2024, 4:16 p.m.
  • Length: 21:58

All games in this series

Show
View Real Time Build Order
Export as new Build Order

Maru Terran - Winner!

Build Orders: Gas First Reaper Expand 

Get SALT Encoding   

  12  0:00  SCV  
  13  0:12  SCV  
  14  0:17  Supply Depot  
  14  0:24  SCV  
  15  0:28  Refinery  
  15  0:39  SCV  
  16  0:43  Barracks  
  16  0:51  SCV  
  17  1:03  SCV  
  18  1:15  SCV  
  19  1:30  Orbital Command, Reaper  
  20  1:40  Command Center  
  20  1:51  Factory  
  20  1:55  SCV  
  21  2:03  Refinery  
  21  2:05  Barracks Reactor  
  21  2:07  SCV  
  22  2:12  Supply Depot  
  22  2:20  SCV  
  23  2:33  SCV  
  23  2:36  Starport  
  24  2:41  Widow Mine  
  24  2:42  Marine x2  
  28  2:46  SCV  
  29  2:52  Orbital Command  
  29  2:58  SCV  
  30  3:01  Marine x2  
  30  3:03  Widow Mine  
  34  3:10  SCV  
  35  3:13  Medivac  
  35  3:19  SCV  
  38  3:22  SCV  
  38  3:23  Barracks  
  38  3:25  Widow Mine  
  40  3:29  Marine x2  
  40  3:32  SCV  
  43  3:36  Supply Depot  
  43  3:37  SCV  
  44  3:44  SCV  
  44  3:45  Starport Tech Lab  
  44  3:47  Marine, Factory Tech Lab  
  46  3:57  Marine  
  46  3:58  SCV, Cyclone, Viking  
  46  3:59  Supply Depot  
  46  4:00  SCV  
  53  4:13  Marine  
  53  4:15  Supply Depot  
  54  4:20  SCV x2, Marine  
  57  4:26  Supply Depot  
  57  4:27  Marine  
  57  4:30  Cyclone, Viking  
  62  4:37  SCV, Marine  
  64  4:40  SCV  
  64  4:41  Barracks Tech Lab  
  64  4:44  Marine  
  66  4:49  SCV  
  66  4:52  SCV  
  66  4:55  Marine  
  65  5:01  SCV, Marine  
  65  5:02  Marine  
  65  5:06  Cyclone  
  65  5:07  Starport Tech Lab  
  70  5:08  SCV  
  70  5:12  Marine  
  70  5:13  SCV  
  73  5:19  Marine  
  73  5:20  SCV, Marine  
  71  5:25  SCV, Command Center  
  65  5:30  Marine  
  65  5:32  SCV  
  63  5:36  Raven  
  63  5:37  Marine  
  63  5:38  SCV, Marine, Factory Tech Lab  
  63  5:40  Stimpack  
  63  5:42  Interference Matrix  
  66  5:44  SCV  
  65  5:50  SCV  
  65  5:54  Marine, Barracks  
  65  5:56  SCV  
  65  6:00  Siege Tank  
  65  6:02  SCV  
  65  6:03  Marine  
  65  6:04  Marine  
  69  6:08  SCV  
  69  6:10  Refinery x2  
  70  6:11  Marine  
  70  6:14  SCV, Engineering Bay x2  
  70  6:15  Raven  
  74  6:20  SCV  
  75  6:26  SCV  
  75  6:30  Barracks  
  76  6:33  SCV, Barracks  
  76  6:36  Siege Tank  
  76  6:38  SCV  
  76  6:39  Orbital Command  
  81  6:41  Supply Depot  
  81  6:44  Missile Turret  
  81  6:45  SCV  
  82  6:50  SCV  
  83  6:56  Starport Reactor, Marine  
  83  6:57  SCV, Marauder x2  
  83  7:00  Supply Depot  
  89  7:02  SCV  
  89  7:04  Supply Depot  
  89  7:05  Terran Infantry Weapons Level 1, Terran Infantry Armor Level 1  
  89  7:06  Marine  
  89  7:07  SCV  
  92  7:09  SCV  
  92  7:10  Supply Depot  
  92  7:14  SCV, Marine  
  95  7:19  SCV  
  95  7:21  SCV  
  95  7:22  Marauder, Factory Reactor  
  101  7:23  Marauder  
  101  7:24  Marine  
  101  7:28  SCV  
  101  7:29  Combat Shield  
  103  7:31  Supply Depot, SCV  
  103  7:32  Supply Depot, Marine, Barracks Reactor  
  103  7:33  SCV  
  103  7:34  Missile Turret  
  103  7:35  Missile Turret  
  106  7:41  Refinery  
  106  7:43  Concussive Shells, Refinery  
  106  7:44  Marauder  
  107  7:46  Medivac  
  107  7:47  SCV x2  
  107  7:48  SCV  
  112  7:52  Marine  
  112  7:53  Marine, Marauder x2  
  112  7:55  Supply Depot  
  118  8:00  Medivac  
  118  8:04  Widow Mine  
  118  8:05  Marauder  
  126  8:06  Widow Mine  
  126  8:13  Command Center  
  126  8:19  Marine x4, Marauder  
  131  8:20  Supply Depot, Armory  
  131  8:23  Medivac  
  134  8:27  Widow Mine  
  134  8:28  Widow Mine  
  134  8:30  Medivac  
  134  8:32  SCV x2  
  134  8:33  SCV  
  143  8:36  Supply Depot  
  143  8:42  Marine x4, Marauder x3  
  153  8:55  Widow Mine x2  
  157  8:57  Viking  
  157  8:59  SCV  
  157  9:00  SCV, Viking  
  163  9:06  Supply Depot  
  163  9:07  Barracks  
  163  9:08  Barracks  
  163  9:09  Ghost Academy  
  163  9:11  Barracks, Terran Infantry Weapons Level 2, Terran Infantry Armor Level 2  
  163  9:15  Terran Ship Weapons Level 1  
  163  9:20  Widow Mine  
  165  9:25  Marine x2, Marauder x2, Widow Mine  
  165  9:26  SCV x3  
  171  9:38  SCV x3  
  171  9:43  Ghost  
  159  9:46  Ghost, Viking x2  
  159  9:50  SCV  
  159  9:52  Planetary Fortress, SCV x2  
  164  9:59  Barracks Tech Lab, Barracks Reactor  
  164  10:00  Barracks Tech Lab  
  164  10:02  SCV  
  164  10:04  SCV x2  
  165  10:10  Ghost  
  165  10:11  Marine x3  
  165  10:12  Marine  
  169  10:14  SCV  
  169  10:16  Medivac  
  169  10:18  Refinery  
  169  10:19  Refinery  
  169  10:21  Ghost  
  172  10:22  Supply Depot  
  172  10:23  Supply Depot  
  174  10:28  Command Center  
  168  10:37  Ghost x2  
  168  10:39  Viking  
  163  10:52  Marine, Ghost x2  
  163  10:53  Marine x5  
  163  10:54  Marauder  
  170  11:00  Medivac  
  170  11:01  Command Center  
  172  11:06  Marauder x2  
  172  11:10  Marine x2  
  172  11:11  Marine x3, Medivac  
  180  11:12  Marine  
  180  11:15  Marauder  
  186  11:21  Marauder x2  
  187  11:27  Marine, Marauder  
  187  11:31  Terran Infantry Armor Level 3, Terran Infantry Weapons Level 3  
  190  11:33  Command Center  
  190  11:34  Starport  
  190  11:45  Ghost  
  190  11:46  Marine, Ghost, Marauder  
  197  11:50  Command Center  
  197  11:55  Personal Cloaking  
  197  12:06  Planetary Fortress  
  196  12:17  Viking  
  196  12:18  Starport Reactor, Viking  
  196  12:21  Starport  
  200  12:31  Starport  
  197  12:42  Terran Ship Weapons Level 2  
  195  12:45  Missile Turret x5  
  195  12:46  Missile Turret  
  195  12:47  Missile Turret x3, Viking  
  195  12:48  Missile Turret x2  
  195  12:49  Missile Turret  
  195  12:50  Missile Turret  
  197  12:51  Planetary Fortress, Missile Turret  
  193  13:01  Viking x2  
  193  13:02  Starport Reactor  
  197  13:08  Orbital Command  
  197  13:16  Sensor Tower, Viking x2  
  188  13:30  Viking  
  188  13:31  Viking x2  
  182  13:39  Sensor Tower  
  182  13:43  Missile Turret x2  
  182  13:45  Missile Turret  
  182  13:46  Viking x2  
  186  13:52  Viking x2  
  190  14:00  Viking  
  190  14:01  Viking  
  194  14:08  Hi-Sec Auto Tracking, Command Center, Neosteel Armor  
  194  14:09  Sensor Tower  
  194  14:12  Armory  
  194  14:14  Viking  
  194  14:16  Starport Reactor  
  196  14:17  Orbital Command, Fusion Core  
  196  14:31  Nuke  
  194  14:44  Viking  
  196  14:49  Missile Turret x2, Ghost x2  
  196  14:50  Missile Turret  
  196  14:51  Missile Turret x2  
  196  14:52  Missile Turret x2  
  200  14:53  Missile Turret x2  
  181  15:07  Viking x2  
  178  15:18  Ghost x2  
  178  15:19  Ghost x2  
  178  15:20  Viking x5  
  180  15:30  Viking  
  178  15:37  Viking  
  178  15:41  Refinery  
  180  15:43  Command Center, Viking  
  180  15:44  Ghost  
  180  15:46  Command Center  
  184  16:04  Planetary Fortress  
  184  16:06  Viking  
  186  16:14  Terran Ship Weapons Level 3  
  186  16:15  Terran Vehicle And Ship Armor Level 1  
  165  16:26  Viking  
  165  16:27  Viking x3  
  165  16:29  Viking  
  171  16:38  Viking x2  
  173  16:59  Ghost  
  179  17:02  Viking x2  
  179  17:03  Marine x2, Marauder x2  
  179  17:05  Orbital Command, Refinery x2  
  179  17:06  Orbital Command  
  179  17:07  Command Center  
  185  17:12  Marine x2  
  185  17:13  Marine x2, Marauder x2  
  183  17:21  SCV x2  
  183  17:25  Marauder x2  
  183  17:27  Ghost  
  183  17:29  SCV x3  
  191  17:33  Ghost  
  193  17:37  Ghost  
  195  17:45  Advanced Ballistics  
  195  17:58  Ghost  
  197  18:23  Liberator  
  194  18:37  Viking  
  194  18:41  Viking  
  197  18:42  Liberator  
  186  18:56  Marine x2, Caduceus Reactor  
  186  18:57  Marauder x2  
  186  18:58  Liberator x2  
  186  18:59  Liberator  
  186  19:01  Marine x2  
  186  19:02  Marauder x2  
  199  19:05  Terran Vehicle And Ship Armor Level 2  
  198  19:14  Marine  
  198  19:15  Marauder  
  198  19:19  Planetary Fortress  
  198  19:27  Orbital Command  
  198  19:37  Marine  
  198  19:38  Marine, Marauder x2  
  193  19:55  Liberator  
  193  19:59  Medivac x2  
  191  20:11  Ghost x2  
  187  20:15  Marine  
  187  20:17  Marine x3, Marauder x3  
  187  20:20  Marine x2  
  195  20:22  Liberator  
  197  20:32  Liberator x2  
  194  20:36  Marine x3  
  194  20:38  Marauder  
  194  20:39  Ghost x2, Marauder  
  198  20:49  Ghost  
  200  20:54  Command Center  
  200  21:11  Command Center  
  200  21:15  Command Center  
  197  21:30  Marine x2, Marauder  
  197  21:31  Marauder  
  193  21:37  Marine x3, Marauder x2  
Show
View Real Time Build Order
Export as new Build Order

herO Protoss 

Build Orders: 1 Gate Expand, Phoenix Opening, Carriers, Colossus Rush 

Get SALT Encoding   

  12  0:00  Probe  
  13  0:12  Probe  
  14  0:16  Pylon  
  14  0:24  Probe  
  15  0:35  Gateway  
  15  0:36  Probe (Chrono Boost)  
  15  0:42  Assimilator  
  16  0:47  Probe (Chrono Boost)  
  17  0:52  Probe (Chrono Boost)  
  18  1:03  Probe  
  19  1:17  Nexus  
  19  1:27  Cybernetics Core  
  19  1:30  Probe  
  20  1:35  Assimilator  
  20  1:42  Probe  
  20  1:45  Pylon  
  21  1:54  Probe  
  21  2:00  Stalker (Chrono Boost)  
  22  2:03  Warp Gate  
  22  2:06  Probe (Chrono Boost)  
  25  2:18  Probe (Chrono Boost)  
  26  2:23  Adept, Probe (Chrono Boost)  
  29  2:30  Probe (Chrono Boost)  
  29  2:31  Stargate  
  31  2:37  Probe (Chrono Boost)  
  31  2:42  Probe (Chrono Boost)  
  32  2:46  Shield Battery  
  32  2:49  Probe x2 (Chrono Boost)  
  34  2:54  Pylon  
  34  2:57  Probe  
  34  2:58  Probe  
  36  3:01  Adept  
  38  3:09  Probe  
  38  3:10  Probe  
  40  3:15  Phoenix (Chrono Boost)  
  42  3:21  Probe  
  42  3:22  Probe  
  44  3:31  Pylon, Phoenix (Chrono Boost)  
  44  3:33  Probe  
  47  3:34  Probe  
  47  3:36  Robotics Facility  
  47  3:40  Assimilator  
  48  3:41  Assimilator  
  48  3:45  Probe  
  48  3:46  Probe  
  50  3:55  Phoenix  
  52  3:58  Probe x2  
  52  3:59  Stalker  
  56  4:10  Probe x2  
  56  4:13  Pylon  
  58  4:20  Phoenix  
  60  4:27  Nexus  
  60  4:29  Observer  
  60  4:30  Probe  
  62  4:31  Probe  
  62  4:34  Shield Battery  
  63  4:40  Robotics Bay  
  65  4:47  Pylon  
  65  4:51  Stalker  
  67  4:59  Immortal (Chrono Boost)  
  67  5:04  Pylon  
  67  5:05  Phoenix  
  71  5:07  Shield Battery  
  71  5:08  Probe x2  
  73  5:17  Stalker  
  73  5:20  Probe  
  73  5:21  Probe  
  68  5:33  Phoenix  
  68  5:34  Colossus (Chrono Boost)  
  70  5:36  Probe x2  
  70  5:42  Probe  
  79  5:48  Probe x2  
  81  5:55  Probe  
  82  6:00  Probe x2 (Chrono Boost)  
  84  6:07  Probe (Chrono Boost)  
  84  6:08  Twilight Council  
  84  6:10  Forge  
  87  6:12  Probe x2 (Chrono Boost)  
  87  6:13  Sentry  
  87  6:16  Phoenix  
  87  6:17  Probe (Chrono Boost)  
  92  6:19  Nexus, Probe x2 (Chrono Boost)  
  92  6:21  Pylon  
  92  6:22  Observer, Probe (Chrono Boost)  
  96  6:26  Extended Thermal Lance  
  96  6:30  Pylon  
  96  6:37  Sentry  
  96  6:38  Assimilator x2  
  98  6:41  Phoenix  
  98  6:43  Gateway  
  98  6:44  Probe  
  98  6:45  Gateway, Probe  
  98  6:46  Probe  
  103  6:49  Charge (Chrono Boost)  
  103  6:55  Protoss Ground Weapons Level 1 (Chrono Boost)  
  103  6:56  Probe  
  103  6:57  Pylon, Probe  
  103  6:58  Probe  
  106  7:01  Gateway  
  106  7:08  Colossus (Chrono Boost)  
  106  7:14  Probe  
  106  7:15  Pylon, Probe x2  
  115  7:17  Shield Battery  
  115  7:20  Stalker, Phoenix  
  115  7:28  Gateway  
  115  7:29  Gateway  
  115  7:31  Phoenix  
  115  7:36  Gateway, Probe x2  
  115  7:37  Probe  
  120  7:39  Probe  
  120  7:41  Shield Battery, Photon Cannon  
  120  7:43  Sentry  
  123  7:48  Gateway  
  123  7:53  Pylon  
  123  7:57  Templar Archives, Colossus (Chrono Boost)  
  123  8:03  Probe x4  
  133  8:06  Assimilator  
  133  8:07  Protoss Air Weapons Level 1, Assimilator  
  133  8:08  Pylon, Psionic Storm  
  133  8:12  Zealot x4  
  139  8:21  Phoenix  
  139  8:25  Gateway  
  139  8:26  Gateway  
  141  8:30  Stargate  
  141  8:35  Probe  
  141  8:38  Gateway  
  141  8:40  Pylon  
  142  8:42  High Templar  
  142  8:43  Zealot x3, High Templar  
  152  8:48  Zealot x2, Pylon  
  152  8:51  Pylon, Immortal (Chrono Boost)  
  160  8:58  Photon Cannon  
  160  9:00  Protoss Ground Weapons Level 2 (Chrono Boost), High Templar  
  162  9:03  Pylon  
  162  9:09  Zealot x3, High Templar  
  170  9:13  Zealot  
  170  9:14  Pylon  
  172  9:23  Fleet Beacon  
  172  9:25  Zealot x3  
  178  9:35  Zealot  
  178  9:36  Zealot x4  
  160  9:50  Stargate  
  160  9:54  Zealot x4  
  160  9:59  Nexus  
  166  10:00  High Templar x4  
  166  10:02  Zealot  
  166  10:04  Zealot x2, Archon x2  
  179  10:10  Forge, Observer  
  176  10:19  Carrier (Chrono Boost)  
  174  10:22  Carrier (Chrono Boost)  
  174  10:41  Archon  
  156  10:43  Archon  
  156  10:45  Zealot x6  
  156  10:48  High Templar x2  
  146  10:54  Zealot x3  
  146  10:56  Carrier (Chrono Boost)  
  134  11:00  Disruptor  
  144  11:06  Zealot x6  
  144  11:09  Carrier (Chrono Boost)  
  156  11:14  Observer  
  156  11:15  High Templar  
  156  11:16  Zealot, High Templar  
  168  11:25  Carrier (Chrono Boost)  
  168  11:28  Pylon  
  170  11:33  Nexus  
  170  11:37  Pylon x2  
  170  11:40  Colossus (Chrono Boost)  
  170  11:47  Shield Battery  
  176  11:52  Probe x3  
  179  11:54  Probe  
  180  12:02  Protoss Ground Armor Level 1 (Chrono Boost), Carrier (Chrono Boost)  
  180  12:05  Protoss Air Weapons Level 2 (Chrono Boost)  
  186  12:12  Protoss Ground Weapons Level 3 (Chrono Boost)  
  184  12:17  Zealot x2  
  184  12:22  Pylon  
  185  12:23  Pylon  
  185  12:25  Shield Battery  
  180  12:37  Carrier (Chrono Boost)  
  180  12:40  Disruptor  
  188  12:51  Pylon  
  194  12:53  Mothership (Chrono Boost)  
  194  12:54  Nexus  
  194  12:57  Pylon  
  199  13:12  Carrier (Chrono Boost)  
  195  13:25  Zealot  
  195  13:26  Carrier (Chrono Boost)  
  187  13:32  High Templar x2, Carrier (Chrono Boost)  
  179  13:44  Photon Cannon  
  179  13:45  Probe x2, Photon Cannon  
  179  13:46  Probe  
  179  13:47  High Templar x2, Photon Cannon  
  186  13:49  Shield Battery, Sentry  
  186  13:51  Assimilator  
  188  13:57  Probe  
  188  13:58  Probe  
  190  14:06  Pylon  
  188  14:10  Protoss Ground Armor Level 2 (Chrono Boost)  
  188  14:14  Pylon, Carrier  
  194  14:19  Probe, Pylon  
  194  14:23  Nexus  
  195  14:26  Pylon  
  193  14:31  Carrier  
  193  14:36  Observer  
  196  14:42  Protoss Air Weapons Level 3  
  194  14:49  High Templar x2  
  194  14:51  Gateway x2  
  198  14:53  Gateway  
  198  14:54  Gateway  
  198  14:57  Nexus, Photon Cannon  
  198  14:58  Photon Cannon  
  169  15:21  Zealot x7  
  169  15:22  Zealot  
  169  15:23  Archon  
  178  15:34  High Templar  
  178  15:35  High Templar  
  170  15:38  Colossus (Chrono Boost)  
  176  15:44  High Templar  
  176  15:45  High Templar x5  
  176  15:49  Probe x3  
  187  16:04  Carrier  
  187  16:06  Photon Cannon  
  187  16:08  Carrier  
  187  16:17  Observer  
  174  16:34  Stalker x3  
  174  16:35  Stalker x4  
  174  16:36  Observer (Chrono Boost)  
  189  16:45  Stalker x3  
  195  16:53  Archon  
  183  17:05  Disruptor  
  187  17:12  Zealot x6  
  197  17:35  Carrier (Chrono Boost)  
  197  17:37  Shield Battery, Photon Cannon  
  197  17:39  Assimilator, Protoss Ground Armor Level 3 (Chrono Boost)  
  197  17:40  Blink (Chrono Boost)  
  197  17:41  Observer  
  197  17:42  Assimilator  
  194  18:06  Protoss Air Armor Level 1 (Chrono Boost)  
  194  18:10  Nexus  
  198  18:13  Mothership (Chrono Boost)  
  198  18:19  Carrier (Chrono Boost)  
  192  18:20  Carrier (Chrono Boost)  
  192  18:36  Carrier (Chrono Boost)  
  192  18:41  Archon  
  188  18:44  Archon  
  188  18:45  Zealot x6  
  188  18:47  Pylon  
  196  18:52  Archon x2  
  158  18:56  Disruptor (Chrono Boost)  
  130  19:11  Zealot x4, Stalker x6  
  147  19:21  Zealot  
  147  19:22  Zealot x2  
  151  19:34  Disruptor (Chrono Boost)  
  135  19:39  Robotics Facility  
  135  19:43  Zealot x12  
  159  19:46  Unknown  
  139  20:01  Disruptor (Chrono Boost)  
  125  20:14  Robotics Facility  
  117  20:22  Zealot x4  
  117  20:23  Stalker x5  
  102  20:42  Disruptor (Chrono Boost)  
  102  20:44  Shield Battery  
  104  20:50  Zealot x7  
  104  20:54  Disruptor (Chrono Boost)  
  121  21:08  Zealot x6  
  133  21:13  Zealot x3  
  139  21:23  Disruptor (Chrono Boost)  
  124  21:36  Zealot  
  124  21:37  Zealot x8  
Tags
 
Add a new tag
Caveats
  • Supply blocks, unpowered buildings, or Contaminate may cause inaccurate times.
  • Supply counts are checked every 10 seconds.